 Dungeon Crawl Stone Soup version 0.30.1-11-g7821555f0a (webtiles) character file.

Game seed: 8902332306324741493

4321 Dordric the Carver (level 10, 0/63 (67) HPs)
             Began as a Demonspawn Gladiator on Oct 31, 2023.
             Was an Initiate of Makhleb.
             Slain by a sun demon (12 damage)
             ... summoned by a kobold demonologist
             ... on level 8 of the Dungeon on Nov 1, 2023.
             The game lasted 00:14:33 (10304 turns).

Dordric the Carver (Demonspawn Gladiator)          Turns: 10304, Time: 00:14:34

HP:   0/63 (67)     AC:  8    Str: 21    XL:     10   Next: 11%
MP:   10/10         EV: 13    Int:  9    God:    Makhleb [......]
Gold: 347           SH:  0    Dex: 19    Spells: 9/9 levels left

rFire   . . .        y - +1 great sword
rCold   . . .        (shield currently unavailable)
rNeg    . . .        C - +1 steam dragon scales
rPois   .            c - +0 helmet
rElec   .            z - +0 cloak
rCorr   .            (no gloves)
SInv    .            (no boots)
Will    .....        p - amulet of faith
Stlth   ++           q - +6 ring of strength
HPRegen 0.30/turn    (no ring)
MPRegen 0.12/turn

%: faith
@: drained
A: claws 1, demonic guardian 2, demonic magic 1
a: Renounce Religion


You were on level 8 of the Dungeon.
You worshipped Makhleb.
Makhleb was noncommittal.
You visited 2 branches of the dungeon, and saw 9 of its levels.

You collected 347 gold pieces.

Inventory:

Hand Weapons
 a - a +0 long sword
 j - a +1 dagger of venom
 y - a +1 great sword (weapon)
Missiles
 d - 3 throwing nets
 t - 2 silver boomerangs
 w - 5 boomerangs (quivered)
 E - a javelin
Armour
 b - a +0 leather armour
 c - a +0 helmet (worn)
 z - a +0 cloak (worn)
 C - +1 steam dragon scales (worn)
Jewellery
 m - an amulet of reflection
 p - an amulet of faith (around neck)
 q - a +6 ring of strength (left claw)
Wands
 u - a wand of digging (8)
 v - a wand of paralysis (17)
Scrolls
 e - a scroll of identify
 i - 2 scrolls of magic mapping
 k - a scroll of teleportation
 l - 2 scrolls of vulnerability
Potions
 f - a potion of resistance {unknown}
 h - a potion of lignification {unknown}
 o - 3 potions of curing
 r - a potion of magic {unknown}
 x - a potion of degeneration {unknown}
 A - a potion of mutation {unknown}
 B - a potion of attraction {unknown}


   Skills:
 - Level 2.0 Fighting
 + Level 13.6 Long Blades
 - Level 1.7 Throwing
 - Level 2.6 Dodging


You had 9 spell levels left.
You didn't know any spells.
Your spell library contained the following spells:

 Spells                   Type           Power      Damage    Failure   Level
 Inner Flame              Hex/Fire       0%         N/A       77%         3
 Stone Arrow              Conj/Erth      0%         3d7       77%         3
 Animate Armour           Summ/Erth      0%         N/A       99%         4
 Cause Fear               Hex            0%         N/A       99%         4
 Fireball                 Conj/Fire      0%         3d3       100%        5
 Yara's Violent Unravell  Hex/Tmut       0%         3d3       100%        5
 Enfeeble                 Hex            0%         N/A       100%        7
 Lehudib's Crystal Spear  Conj/Erth      0%         10d2      100%        8


Dungeon Overview and Level Annotations

Branches:
Dungeon (8/15)             Temple (1/1) D:7
   Lair: D:8-11

Altars:
Ashenzari
Cheibriados
Dithmenos
Fedhas
Gozag
Hepliaklqana
Kikubaaqudgha
Makhleb
Nemelex Xobeh
Ru
Sif Muna
Trog
Uskayaw
Vehumet
Wu Jian
Xom
Yredelemnul

Shops:
D:4 :

Annotations:
D:4 2 runed translucent doors, Zespara's ghost, amateur GrFi
D:5 exclusion: downstairs


Innate Abilities, Weirdness & Mutations

You have sharp fingernails.
A demonic guardian rushes to your aid.
Spells you cast may paralyse adjacent enemies.


Message History

The yak is severely wounded.
You barely miss the yak.
The yak is severely wounded.
The yak gores you but does no damage.
You barely miss the yak.
The yak is severely wounded.
The yak misses you. The yak closely misses you. The yak gores you!
You closely miss the yak.
The yak is severely wounded.
The yak closely misses you. The yak gores you but does no damage.
The yak gores you!
You are too injured to fight recklessly!
You are too injured to fight recklessly!
You are too injured to fight recklessly!
You are too injured to fight recklessly!
You are too injured to fight recklessly!
You are too injured to fight recklessly!
You are too injured to fight recklessly!
You are too injured to fight recklessly!
You are too injured to fight recklessly!
You are too injured to fight recklessly!
You are too injured to fight recklessly!
You are too injured to fight recklessly!
You are too injured to fight recklessly!
You are too injured to fight recklessly!
You are too injured to fight recklessly!
You are too injured to fight recklessly!
The yak attacks as you move away! The yak completely misses you.
The yak attacks as you move away! The yak gores you!
* * * LOW HITPOINT WARNING * * *
The yak closely misses you. The yak attacks as you move away!
The yak misses you. x2
As you read the scroll of fear, it crumbles to dust.
You assume a fearsome visage.
The yak looks frightened! x3
Cornered, the yak turns to fight!
The kobold demonologist begins to cast a cantrip, but forgets the words!
The kobold demonologist gestures wildly while chanting.
The kobold demonologist casts a spell.
The sun demon hits you!
You die...

######......#
.....'..)...#. ......#
.....#......'. #......#
.##..#......#'#####......#
.#####...................#
.....#.........K.........#
.....'........5..5.......#
.##'##...........3.......#
.##..#..........@........#
.....#......#######......#
.....'......# #......#
.##..#......# #......#
.##..#......# #..>Y..#
.....#......# #......#
.....#......#######.....Y#
.....+...............##'##
.##..#...............#..#


You could see a sun demon (summoned), a kobold demonologist, a white imp
(summoned) and an ufetubus (summoned).

Vanquished Creatures
  Maggie (D:7)
  A kobold demonologist (D:7)
  Grinder (D:6)
  Sigmund (D:4)
  2 wyverns (D:7)
  Menkaure (D:7)
  An ice beast (D:7)
  A black bear (D:6)
  2 ogres
  Blork the orc (D:4)
  2 gnoll sergeants
  3 necrophages (D:6)
  3 bullfrogs
  3 scorpions
  15 wights
  3 centaur zombies (D:6)
  A human zombie (D:6)
  2 bullfrog zombies (D:6)
  A jelly (D:6)
  Crazy Yiuf (D:5)
  A gnoll bouda (D:7)
  2 orc priests
  A hound (D:6)
  4 iguanas
  3 orc wizards
  A mummy (D:6)
  13 gnolls
  4 adders
  2 white imps (D:5)
  An ufetubus (D:7)
  2 worms
  4 dart slugs
  17 orcs
  11 ball pythons
  3 endoplasms
  3 giant cockroaches
  8 goblins
  4 hobgoblins
  3 quokkas
  7 bats
  6 frilled lizards
  8 kobolds
  3 rats
157 creatures vanquished.

Vanquished Creatures (collateral kills)
  Edmund (D:6)
  An orc warrior (D:6)
  A wight (D:8)
  2 gnolls (D:6)
  A worm (D:2)
6 creatures vanquished.

Grand Total: 163 creatures vanquished

Notes
Turn   | Place    | Note
-------+----------+-------------------------------------------
     0 | D:1      | Dordric the Demonspawn Gladiator began the quest for the
                  | Orb.
     0 | D:1      | Reached XP level 1. HP: 16/16 MP: 1/1
    78 | D:1      | Reached skill level 3 in Long Blades
   136 | D:1      | Gained mutation: You have sharp fingernails. [demonic
                  | ancestry]
   136 | D:1      | Reached XP level 2. HP: 17/22 MP: 2/2
   504 | D:1      | Gained mutation: A weak demonic guardian rushes to your
                  | aid. [demonic ancestry]
   504 | D:1      | Reached XP level 3. HP: 15/27 MP: 3/3
   730 | D:1      | Reached skill level 4 in Long Blades
  1397 | D:2      | Found a broken altar of Ashenzari.
  1950 | D:3      | Found a sparkling altar of Nemelex Xobeh.
  2270 | D:3      | Reached XP level 4. HP: 33/33 MP: 4/4
  2288 | D:4      | Found Zaval's Vocational Training.
  2288 | D:4      | Found a sacrificial altar of Ru.
  2315 | D:4      | Noticed Blork the orc
  2339 | D:4      | Killed Blork the orc
  2340 | D:4      | Reached skill level 5 in Long Blades
  2340 | D:4      | Reached XP level 5. HP: 9/38 MP: 5/5
  2617 | D:4      | Found a large runed translucent door.
  2617 | D:4      | Found a large runed translucent door.
  2618 | D:4      | Noticed Zespara's ghost (amateur GrFi)
  2736 | D:4      | Noticed Sigmund
  2757 | D:4      | Killed Sigmund
  2758 | D:4      | Reached skill level 6 in Long Blades
  2758 | D:4      | Gained mutation: Spells you cast may paralyse adjacent
                  | enemies. [demonic ancestry]
  2758 | D:4      | Reached XP level 6. HP: 3/44 MP: 6/6
  3302 | D:5      | Entered Level 5 of the Dungeon
  3452 | D:5      | Reached skill level 7 in Long Blades
  3697 | D:5      | Found a runed translucent door.
  3698 | D:5      | Noticed Crazy Yiuf
  3902 | D:5      | Gained mutation: A demonic guardian rushes to your aid.
                  | [demonic ancestry]
  3902 | D:5      | Reached XP level 7. HP: 19/50 MP: 7/7
  4487 | D:5      | Killed Crazy Yiuf
  4620 | D:5      | Reached skill level 8 in Long Blades
  4775 | D:6      | Noticed Edmund
  4789 | D:6      | Killed Edmund
  5687 | D:6      | Reached skill level 9 in Long Blades
  5687 | D:6      | Reached XP level 8. HP: 52/55 MP: 8/8
  6052 | D:6      | Reached skill level 10 in Long Blades
  6382 | D:6      | Found a snail-covered altar of Cheibriados.
  6471 | D:6      | Found a basalt altar of Yredelemnul.
  6586 | D:6      | Reached skill level 11 in Long Blades
  6624 | D:6      | Reached XP level 9. HP: 50/61 MP: 9/9
  6745 | D:6      | Noticed Grinder
  6758 | D:6      | Killed Grinder
  6876 | D:7      | Noticed Maggie
  6895 | D:7      | Killed Maggie
  6902 | D:7      | Reached skill level 12 in Long Blades
  6949 | D:7      | Noticed Menkaure
  6959 | D:7      | Killed Menkaure
  7166 | D:7      | Got Sesamaal's Guide on the Singed Evil Eye
  7228 | D:7      | Reached skill level 13 in Long Blades
  8121 | D:7      | Found a staircase to the Ecumenical Temple.
  8198 | D:7      | Found the +7 Throatcutter {drain, coup de grace}
  8198 | D:7      | Noticed a kobold demonologist
  8198 | D:7      | Noticed a kobold demonologist
  8198 | D:7      | Noticed a kobold demonologist
  8198 | D:7      | Noticed a kobold demonologist
  8221 | D:7      | Noticed a rust devil
  8238 | Temple   | Entered the Ecumenical Temple
  8391 | Temple   | Became a worshipper of Makhleb the Destroyer
  9501 | D:8      | Found a hazy altar of Hepliaklqana.
  9962 | D:8      | Reached XP level 10. HP: 67/67 MP: 10/10
 10303 | D:8      | Noticed a sun demon
 10304 | D:8      | Slain by a sun demon

Illustrated notes

Levels and vault maps discovered:
D:1:      minmay_arrival_four_houses, layout_basic,
          amcnicky_mini_corridor_feature
D:2:      layout_basic, basic_altar, chequers_serial_rivers_micro_a
D:3:      layout_loops_ring, nemelex_diamond_rough_becter
D:4:      layout_cave_pools, mainiacjoe_overflow_small_starburst,
          ebering_ghost_disaster_area, nicolae_shop_vocational, uniq_sigmund,
          uniq_blork_the_orc
D:5:      layout_basic, uniq_crazy_yiuf_cottage
D:6:      layout_cave_pools, slow_altar_1, lemuel_mausoleum_altar_yredelemnul,
          serial_bayou_pond_c, supply_closet_lemuel, uniq_edmund, uniq_grinder
D:7:      nicolae_cairo_tiling_large_dashed, layout_basic,
          minmay_temple_entry_tees, chequers_serial_rivers_small_b,
          dilly_guarded_unrand_throatcut, uniq_menkaure, uniq_maggie
D:8:      layout_gridville, nicolae_hepliaklqana_hazy_memory, uniq_psyche
Temple:   zaba_magenta_temple

Skill      XL: |  1  2  3  4  5  6  7  8  9 |
---------------+----------------------------+-----
Long Blades    | 3 4 5 6 7 9 11 13 | 13.6
Fighting       | |  2.0
Throwing       | |  1.7
Dodging        | |  2.6

Action                     |  1- 3 |  4- 6 |  7- 9 | 10-12 || total
---------------------------+-------+-------+-------+-------++-------
  Melee: Long sword        |    54 |       |       |       ||    54
         Dagger            |    82 |    63 |       |       ||   145
         Punch             |     1 |       |       |       ||     1
         Great sword       |       |    41 |   320 |    28 ||   389
  Throw: Javelin           |       |       |     2 |       ||     2
         Boomerang         |       |       |    14 |       ||    14
         Throwing net      |       |       |     2 |       ||     2
    Use: Scroll            |       |     3 |     9 |     2 ||    14
         Potion            |       |       |       |     1 ||     1
   Stab: Held in net/web   |       |       |     1 |       ||     1
 Armour: Leather armour    |    12 |       |       |       ||    12
         Chain mail        |    49 |       |       |       ||    49
         Ring mail         |     6 |    22 |    43 |       ||    71
         Steam dragon scal |       |       |    23 |    16 ||    39
  Dodge: Dodged            |    64 |    32 |   184 |    42 ||   322
  Block: Other             |    11 |    23 |    70 |       ||   104
         Reflection        |       |       |     2 |       ||     2
